 Dungeon Crawl Stone Soup version 0.30-a0-322-g102857c98e (webtiles) character file.

Game seed: 7192284834017740968

64 KarmaKiller the Sneak (level 4, -1/37 HPs)
             Began as a Naga Enchanter on Oct 27, 2022.
             Slain by Ijyb
             ... wielding a +0 club
              (2 damage)
             ... on level 3 of the Dungeon.
             The game lasted 00:22:11 (2071 turns).

KarmaKiller the Sneak (Naga Enchanter)              Turns: 2071, Time: 00:22:12

Health: -1/37      AC:  6    Str: 12    XL:     4   Next: 12%
Magic:  7/7        EV:  3    Int: 16    God:
Gold:   97         SH:  0    Dex: 11    Spells: 7/7 levels left

rFire   . . .      SeeInvis +    h - +0 spear
rCold   . . .      Faith    .    (no shield)
rNeg    . . .      Spirit   .    g - +0 chain mail
rPois   +          Reflect  .    m - +0 helmet
rElec   .          Harm     .    (no cloak)
rCorr   .          Rampage  .    (no gloves)
Will    .....                    (no barding)
Stlth   ..........               (no amulet)
HPRegen 0.26/turn                (no ring)
MPRegen 0.10/turn                (no ring)

@: short of breath, invisible, very slow
A: AC +1, large, see invisible, deformed body, poison resistance, slowness 2,
spit poison 1, naga tail 1
a: Spit Poison


You were on level 3 of the Dungeon.
You visited 1 branch of the dungeon, and saw 3 of its levels.

You collected 97 gold pieces.

Inventory:

Hand Weapons
 a - a +1 dagger
 d - a +0 quarterstaff
 h - a +0 spear (weapon)
 i - a +0 sling
Missiles
 e - 39 stones
Armour
 g - a +0 chain mail (worn)
 m - a +0 helmet (worn)
Scrolls
 b - a scroll of summoning {unknown}
 k - a scroll of vulnerability {unknown}
 n - a scroll of teleportation
 p - a scroll of brand weapon {unknown}
Potions
 f - a potion of haste {unknown}
 j - a potion of heal wounds {unknown}
 o - a potion of might {unknown}


   Skills:
 + Level 0.7 Fighting
 + Level 1.2 Short Blades
 + Level 0.6 Polearms
 + Level 0.8 Armour
 + Level 1.8 Dodging
 + Level 5.5 Stealth
 + Level 2.1 Spellcasting
 + Level 3.4 Hexes


You had 7 spell levels left.
You didn't know any spells.
Your spell library contained the following spells:

 Spells                   Type           Power      Damage    Failure   Level
 Ensorcelled Hibernation  Hex/Ice        14%        N/A       100%        2
 Confusing Touch          Hex            12%        N/A       100%        3
 Dazzling Flash           Conj/Hex       14%        N/A       100%        3
 Tukima's Dance           Hex            12%        N/A       100%        3


Dungeon Overview and Level Annotations

Branches:
Dungeon (3/15)

Altars:
Cheibriados

Shops:
D:1 [!**(

Annotations:
D:3 Ijyb


Innate Abilities, Weirdness & Mutations

Your serpentine skin is tough. (AC +1)
You have supernaturally acute eyesight. (SInv)
Armour fits poorly on your strangely shaped body.
Your system is resistant to poisons. (rPois)
You cover ground very slowly.
You can spit poison.
You have a snake-like lower body.


Message History

You hit the goblin.
You kill the goblin!
Ijyb zaps a wand.
The puff of flame hits the goblin!
The goblin dies!
You barely miss Ijyb.
Ijyb is lightly wounded.
Ijyb hits you with a +0 club.
You hit Ijyb.
Ijyb is moderately wounded.
You flicker for a moment.
You have got your breath back.
Ijyb hits you but does no damage.
You hit Ijyb.
Ijyb is moderately wounded.
Ijyb hits you but does no damage.
You closely miss Ijyb.
Ijyb is moderately wounded.
Ijyb zaps a wand.
The puff of flame hits you.
You hit Ijyb but do no damage.
Ijyb is moderately wounded.
Ijyb hits you but does no damage.
You catch the helpless Ijyb completely off-guard!
You hit Ijyb.
Ijyb is moderately wounded.
Ijyb hits you with a +0 club.
Aiming: Spit Poison (1% risk of failure)
Press: ? - help, Q - select action, (/) - cycle Shift-Dir - straight line, f - Ijyb
Aim: Ijyb, wielding a +0 club, wearing a +0 scale mail and carrying a wand of flame (3) (moderately wounded, unable to see you, 54% to hit)
The splash of poison hits Ijyb but does no damage.
Ijyb is poisoned.
Ijyb is moderately wounded.
Ijyb hits you but does no damage.
You flicker back into view.
Ijyb zaps a wand.
The puff of flame hits you!
* * * LOW HITPOINT WARNING * * *
Ijyb hits you with a +0 club.
* * * LOW HITPOINT WARNING * * *
You fade into invisibility!
Ijyb hits you with a +0 club.
You die...

### ..## #
..# #.. ##.#
#..#..###
#....@..#
#.#..##g)#
###...#.)#
8.8.8..#.#.)#
.......#..#)#
gg.........)#
.g.....#....#
g..g...#....#
.(.....##)..#


You could see Ijyb (unable to see you, poisoned).

Vanquished Creatures
  2 worms (D:2)
  A dart slug (D:1)
  4 ball pythons (D:2)
  6 bats
  4 endoplasms
  A giant cockroach (D:1)
  7 goblins
  4 hobgoblins
  9 kobolds
  3 quokkas
  5 frilled lizards
  6 rats
52 creatures vanquished.

Vanquished Creatures (others)
  2 goblins (D:3)
2 creatures vanquished.

Grand Total: 54 creatures vanquished

Notes
Turn   | Place    | Note
-------+----------+-------------------------------------------
     0 | D:1      | KarmaKiller the Naga Enchanter began the quest for the Orb.
     0 | D:1      | Reached XP level 1. HP: 15/15 MP: 3/3
    66 | D:1      | Found Tionon's Antique Armour Boutique.
   127 | D:1      | Reached XP level 2. HP: 12/22 MP: 5/5
   204 | D:1      | Found Oteeck's Distillery.
   329 | D:1      | Reached skill level 5 in Stealth
   470 | D:1      | Found Rader's General Store.
   506 | D:1      | Found Vaottihi's Assorted Antiques.
   629 | D:1      | Reached XP level 3. HP: 28/28 MP: 6/6
   632 | D:1      | Found Xeleogyll's Weapon Shoppe.
  1443 | D:2      | Found a snail-covered altar of Cheibriados.
  1563 | D:2      | Found a faded altar of an unknown god.
  1860 | D:2      | Reached XP level 4. HP: 37/37 MP: 7/7
  2027 | D:3      | Noticed Ijyb
  2070 | D:3      | HP: 1/37 [Ijyb/+0 club (2)]
  2071 | D:3      | Slain by Ijyb

Illustrated notes

Levels and vault maps discovered:
D:1:      evilmike_arrival_fibonacci_small, layout_basic, serial_curves,
          eino_curves_03, eino_curves_02, serial_shops,
          nicolae_shop_hallway_stairs, nicolae_shop_stone, shop, shop, shop,
          serial_park_tiny_2, moated_statue
D:2:      layout_basic, shapermc_ecumenical_altar_pompeii, basic_altar
D:3:      kennysheep_the_goblin_king, layout_loops_cross,
          mainiacjoe_overflow_tiny_flanked, bh_walls_and_bars

Skill      XL: |  1  2 |
---------------+-------+-----
Stealth        | 5 |  5.5
Fighting       | |  0.7
Short Blades   | |  1.2
Polearms       | |  0.6
Armour         | |  0.8
Dodging        | |  1.8
Spellcasting   | |  2.1
Hexes          | |  3.4

Action                   |  1- 3 |  4- 6 || total
-------------------------+-------+-------++-------
Melee: Dagger            |    53 |       ||    53
       Spear             |    73 |    21 ||    94
       Punch             |     1 |       ||     1
 Abil: Spit Poison       |    42 |     5 ||    47
  Use: Scroll            |     1 |       ||     1
       Potion            |       |     3 ||     3
 Stab: Invisible         |       |     2 ||     2
Armor: Robe              |    13 |       ||    13
       Leather armour    |     1 |       ||     1
       Chain mail        |    62 |    24 ||    86
Dodge: Dodged            |    39 |     3 ||    42

Table legend: (Time is in decaauts)
 A = Elapsed time spent in this place.
 B = Non-inter-level travel time spent in this place.
 C = Inter-level travel time spent in this place.
 D = Time resting spent in this place.
 E = Time spent auto-exploring this place.
 F = Levels seen in this place.
 G = Mean time per level.
                   A        B        C        D        E       F      G
               +--------+--------+--------+--------+--------+-----+--------+
         Total |   2676 |   2676 |      0 |    285 |      0 |   3 |  892.0 |
       Dungeon |   2676 |   2676 |      0 |    285 |      0 |   3 |  892.0 |
               +--------+--------+--------+--------+--------+-----+--------+

Top non-repeatable levels by time:
     D:2: 1438 daAuts
     D:1: 1177 daAuts
     D:3: 59 daAuts
